 Dungeon Crawl Stone Soup version 0.31.0-9-g3a7656b989 (webtiles) character file.

Game seed: 2902706488074994349

1804743 Kenran the Intangible (level 26, 88/163 (166) HPs)
             Began as a Felid Berserker on Jan 31, 2024.
             Was a High Priest of Trog.
             Escaped with the Orb
             ... and 3 runes!
             The game lasted 02:36:57 (60476 turns).

Kenran the Intangible (Felid Berserker)            Turns: 60476, Time: 02:36:58

HP:   88/163 (166)  AC: 37    Str: 15    XL:     26   Next: 86%
MP:   24/24         EV: 49    Int: 12    God:    Trog [*****.]
Gold: 4251          SH:  0    Dex: 25    Spells: 25/25 levels left
                                        Lives: 2   Deaths: 3

rFire   + .          .
                       - Unarmed
rCold   . . .        (shield unavailable)
rNeg    + . .        (body armour unavailable)
rPois   ∞            (helmet unavailable)
rElec   +            (cloak unavailable)
rCorr   +            (gloves unavailable)
SInv    +            (boots unavailable)
Will    +++..        d - amulet of faith {!P}
Stlth   +++          t - ring of protection from fire
HPRegen 0.47/turn    U - ring "Cififuz" {rCorr Slay+3}
MPRegen 0.19/turn

%: faith
@: statue-form, on berserk cooldown, slowed, lightly drained, very slow
A: slow and powerful, torment resistance 1, boosted hp, very small, claws 1,
fangs 3, see invisible, (shaggy fur 3), stealthy paws, no weapons or thrown
items, no armour, multi-lived, frail 2, inhibited regeneration, no potion heal 1
0: Orb of Zot
}: 3/15 runes: barnacled, silver, gossamer
a: Begin Untransformation, Renounce Religion, Berserk, Trog's Hand, Brothers in
Arms


You escaped.
You worshipped Trog.
Trog was extremely pleased with you.
You were a living statue of rough stone.
You visited 9 branches of the dungeon, and saw 46 of its levels.
You also visited: Trove, Sewer and Ice Cave.

You collected 9130 gold pieces.
You spent 4879 gold pieces at shops.

Inventory:

Jewellery
 d - an amulet of faith (around neck) {!P}
 t - a ring of protection from fire (left paw)
 y - the amulet "Nikikoah" {rPois rN+ Regen+ Int+3}
   (You bought it in a shop on level 3 of the Vaults)

   [amulet of regeneration]

   Int+3:     It affects your intelligence (+3).
   rPois:     It protects you from poison rN+: It protects you from negative
   energy.
   Regen+:    It increases your rate of health regeneration.
 A - the amulet "Fetug" {Regen+ Str+6 Dex-3}
   (You acquired it on level 6 of the Dungeon)

   [amulet of regeneration]

   Str+6:     It affects your strength (+6).
   Dex-3:     It affects your dexterity (-3).
   Regen+:    It increases your rate of health regeneration.
 B - a ring of magical power
 D - a +4 ring of protection
 G - a ring of positive energy
 I - a ring of willpower
 K - a ring of flight
 R - the amulet of Uhuqutam {Acrobat rC+ Dex+5}
   (You acquired it in a treasure trove)

   [amulet of the acrobat]

   Acrobat:   It increases your evasion while moving and waiting.
   Dex+5:     It affects your dexterity (+5).
   rC+:       It protects you from cold.
 U - the ring "Cififuz" (right paw) {rCorr Slay+3}
   (You found it on level 2 of the Shoals)

   [ring of resist corrosion]

   Slay+3:    It affects your accuracy & damage with ranged weapons and melee
   (+3).
   rCorr:     It protects you from acid and corrosion.
 Y - a +4 ring of protection
Talismans
 O - a storm talisman
 T - a maw talisman
 W - a granite talisman (active)
Wands
 q - a wand of digging (4)
 r - a wand of flame (60)
 u - a wand of iceblast (42)
 v - a wand of paralysis (30)
 z - a wand of polymorph (29)
 H - a wand of quicksilver (16)
 P - a wand of mindburst (36)
Scrolls
 b - 11 scrolls of poison {!r}
 e - 7 scrolls of summoning
 g - 14 scrolls of teleportation
 n - 13 scrolls of vulnerability {!r}
 s - 3 scrolls of blinking
 x - 8 scrolls of fear
 L - 3 scrolls of revelation
 Q - 4 scrolls of silence
 S - 4 scrolls of immolation {!r}
Potions
 c - 8 potions of magic
 f - 7 potions of heal wounds {@q2}
 i - 2 potions of berserk rage {!q}
 k - 4 potions of haste
 l - 10 potions of might
 m - 4 potions of resistance
 o - 3 potions of invisibility
 w - 15 potions of curing {@q1}
 E - 3 potions of ambrosia
 F - 7 potions of lignification {!q}
 J - 6 potions of attraction {!q}
 M - 4 potions of enlightenment
 N - 5 potions of cancellation
Miscellaneous
 a - a sack of spiders
 j - a tin of tremorstones (2/2)
 C - a lightning rod (4/4)
 V - a phial of floods
 X - a phantom mirror


   Skills:
 - Level 24.0 Fighting
 O Level 27 Dodging
 - Level 22.0 Stealth
 - Level 22.0 Unarmed Combat
 + Level 19.5 Evocations
 - Level 24.4 Shapeshifting


You had 25 spell levels left.
You didn't know any spells.
Your spell library was empty.

Dungeon Overview and Level Annotations

Branches:
Dungeon (15/15)            Temple (0/1) D:5            Lair (5/5) D:8
 Shoals (4/4) Lair:3       Spider (4/4) Lair:3        Slime (0/5) Lair:5
    Orc (2/2) D:10            Elf (2/3) Orc:2        Vaults (5/5) D:14
  Crypt (0/3) Vaults:2     Depths (4/4) D:15            Zot (5/5) Depths:4
  Sewer (visited)           IceCv (visited)

Altars:
Cheibriados
Fedhas
Gozag
Hepliaklqana
Makhleb
Okawaru
Qazlal
Sif Muna
Trog
Uskayaw
Vehumet
Xom
Yredelemnul
Jiyva

Shops:
D:5 !   D:10 (*[?   Orc:2 =:(!   Elf:2 [   Shoals:2 [   Shoals:3 ?:[
Shoals:4 *   Vaults:3 =   Vaults:5 *   Depths:2 *:   Depths:3 :

Portals:
Hell: Depths:1 Depths:2 Depths:3
Abyss: Lair:5 Depths:1 Depths:3
Pandemonium: Depths:2 Depths:3
Ziggurat: Depths:3

Annotations:
Elf:2 3 runed translucent doors
Depths:1 1 runed translucent door
Depths:4 1 exclusion
Zot:1 exclusion: 2 orbs of fire
Zot:5 3 runed translucent doors, exclusion: obsidian statue, HourglassMan's ghost, veteran MiFi


Innate Abilities, Weirdness & Mutations

You are a living statue of rough stone.
Your actions are slow, but your melee attacks are powerful.
You are resistant to unholy torment.
Your maximum health is greatly increased.
You are immune to poison.
You have sharp claws.
You have razor-sharp teeth.
You have supernaturally acute eyesight. (SInv)
((Your thick and shaggy fur keeps you warm. (AC +3, rC+)))
Your paws help you pounce on unaware monsters.
You are incapable of wielding weapons or throwing items.
You cannot wear armour.
You gain extra lives every three experience levels.
You are very frail. (-20% HP)
You do not regenerate when monsters are visible.
Potions are less effective at restoring your health.


Message History

There is a stone staircase leading down here.
A rust devil comes into view.
You feel the effects of Trog's Hand fading.
The rust devil screeches!
The rust devil completely misses you.
You mangle the rust devil!! Your claw misses the rust devil.
The rust devil is severely wounded.
You eviscerate the rust devil!!!!
You kill the rust devil!
Trog accepts your kill.
No target in view!
Okay, then.
Your skin stops crawling.
You feel less strong-willed.
You see here a +0 whip.
A Tzitzimitl comes into view.
The Tzitzimitl calls on the powers of darkness!
Your body is wracked with pain!
The Tzitzimitl calls on the powers of darkness!
Your body is wracked with pain!
The Tzitzimitl gestures at you. The bolt of negative energy hits you!!
You partially resist.
You feel drained. The Tzitzimitl completely misses you.
The Tzitzimitl closely misses you.
The Tzitzimitl engulfs you but does no damage.
The Tzitzimitl completely misses you.
A red film seems to cover your vision as you go berserk!
You feel yourself moving faster!
You feel mighty! The Tzitzimitl completely misses you.
The Tzitzimitl misses you.
You eviscerate the Tzitzimitl!!!! Your claw misses the Tzitzimitl.
The Tzitzimitl is almost dead.
The Tzitzimitl misses you. The Tzitzimitl completely misses you.
You eviscerate the Tzitzimitl!!!!
You kill the Tzitzimitl!
Trog accepts your kill.
You feel a strong urge to attack something.
You are no longer berserk.
You are exhausted.
You feel yourself slow down.
There is a staircase leading out of the dungeon here.
As you read the scroll of fog, it dissolves into smoke.
You have escaped!

.# ░.░.░░...░░.░.░ #.#
#. .#
░░.░.░.░░.8░.░.░░ #.#
#. .#
░8.░.░.░8.░░.░.8░ #.#
#. .#
░░.░.░.░░....░.░░ #.#
#. .#
░.░.░░.)░░░8░.░###.##
#. .#
░.░░.░░...░░░.░.....#
#. .#
░░.░░.░░░░...░░###..#
#. .# ░░.░░.§§░░8░░
#..# #. .#######
░░.░░░§8░░░ #..# #.
^......# ░░..░░░░ #..#
#. ######.#
#....#########..# #.
#.# #.......#.......#
#. #.#
##.#.#..........#####.
#.#
##......#.####........
#.# ##....>....#
#..###### #.#
#........#.####>..## #
#.#
##................#.#
##


There were no monsters in sight!

Vanquished Creatures
  3 dread liches (Zot:5)
  2 ancient liches
  8 orbs of fire (Zot:5)
  A juggernaut (Depths:2)
  Margery (Depths:3)
  2 curse toes (Zot:5)
  4 Killer Klowns
  A caustic shrike (Depths:2)
  12 golden dragons
  Nikola (Shoals:2)
  2 electric golems (Zot:5)
  A Tzitzimitl (D:1)
  2 hellephants
  An Ice Fiend (Zot:2)
  2 Brimstone Fiends
  15 tentacled monstrosities
  Rupert (Lair:5)
  5 titans
  29 Orb Guardians
  5 walking divine tomes
  A kraken (Shoals:3)
  8 quicksilver dragons
  8 sphinxes
  Polyphemus (Shoals:2)
  3 death cobs
  Gastronok (Lair:2)
  An ancient champion (Vaults:2)
  Agnes (Elf:1)
  15 storm dragons
  An Executioner (Zot:2)
  Frances (Elf:1)
  Donald (Elf:1)
  10 shadow dragons
  5 draconian knights
  Aizul (Vaults:2)
  2 azure jellies (Vaults:2)
  2 protean progenitors (Zot:3)
  2 deep elf sorcerers
  10 tengu reavers
  A fenstrider witch (Shoals:1)
  5 draconian scorchers
  2 draconian monks
  2 draconian shifters
  10 fire giants
  2 iron dragons
  20 vault wardens
  10 frost giants
  8 emperor scorpions
  A deep elf elementalist (Elf:1)
  2 broodmothers (Lair:3)
  4 ghost moths
  2 orc warlords
  An angel (D:4)
  3 draconian annihilators
  A demonspawn corrupter (Zot:2)
  14 ironbound preservers
  A spriggan defender (Depths:2)
  19 very ugly things
  A formless jellyfish (Vaults:4)
  18 stone giants
  5 vampire knights
  6 ironbound thunderhulks
  The ghost of Qeimiotua the Blocker, a journeyman MiFi of Okawaru (Lair:5)
  6 green draconians
  2 lorocyprocas
  2 deep elf death magi
  3 deep elf demonologists (Vaults:5)
  4 red draconians
  16 spark wasps
  6 yellow draconians
  6 black draconians
  13 dire elephants
  9 white draconians
  4 war gargoyles
  7 purple draconians
  Snorg (D:12)
  An eidolon (Vaults:2)
  10 ettins
  A crystal guardian (Vaults:3)
  7 merfolk impalers
  6 merfolk javelineers
  An entropy weaver (shapeshifter) (Vaults:4)
  18 yaktaur captains
  3 jiangshi
  29 vault guards
  2 deep elf high priests (Vaults:5)
  8 entropy weavers
  12 fire dragons
  4 great orbs of eyes
  The ghost of Kass the Fighter, a novice OnBr of Gozag (Lair:1)
  9 ice dragons
  3 hydras
  Erolcha (D:9)
  2 alligator snapping turtles (Shoals:4)
  A caustic shrike simulacrum (Vaults:2)
  2 peacekeepers
  Erica (D:8)
  5 rakshasas
  4 merfolk avatars
  A radroach (shapeshifter) (Vaults:5)
  6 spriggan air magi
  13 ironbound frosthearts
  5 merfolk aquamancers
  3 radroaches (Spider:2)
  3 jorogumos
  13 ogre magi
  6 boulder beetles
  24 two-headed ogres
  An alligator (Zot:3)
  5 deep troll shamans
  4 catoblepae
  3 satyrs
  6 dancing weapons
  4 death scarabs (Spider:4)
  8 centaur warriors
  A hell hog (Lair:5)
  8 deep troll earth magi
  A tengu warrior (Depths:4)
  9 death yaks
  A vampire mage (Depths:3)
  2 occultists
  5 demonic crawlers
  7 hell knights
  3 sun demons
  9 deep elf knights
  A titan zombie (Depths:1)
  9 spriggan berserkers
  A skyshark (shapeshifter) (Depths:2)
  3 soul eaters
  8 skysharks
  6 iron trolls
  A shadow wraith (Vaults:5)
  6 skeletal warriors
  2 salamander mystics
  A mana viper (shapeshifter) (Vaults:2)
  10 pharaoh ants
  A shadow demon (Zot:2)
  14 sea snakes
  A sixfirhy (Zot:2)
  2 flayed ghosts
  56 deep trolls
  An anaconda (shapeshifter) (Vaults:5)
  A spectral wolf spider (Spider:4)
  4 orb spiders
  A sea snake (shapeshifter) (Vaults:4)
  3 deep elf archers (Elf:1)
  A steelbarb worm (shapeshifter) (Elf:1)
  Pikel (D:4)
  9 arcanists
  A lindwurm (shapeshifter) (Elf:1)
  A tengu zombie (Depths:1)
  4 glowing orange brains
  4 phantasmal warriors
  7 steelbarb worms
  A spectral jorogumo (Spider:4)
  5 necromancers
  26 harpies
  4 lightning spires (Vaults:2)
  8 deep elf zephyrmancers
  The ghost of Gabide the Chiller, a novice DgIE (D:6)
  An iron dragon zombie (Depths:1)
  4 lindwurms
  21 deep elf pyromancers
  21 ironbound convokers
  20 wolf spiders
  A wolf spider (shapeshifter) (Vaults:5)
  9 orc knights
  A manticore (shapeshifter) (Depths:2)
  7 cyclopes
  A worldbinder (Lair:5)
  19 fauns
  4 salamanders
  13 manticores
  2 orc sorcerers (Orc:1)
  A shining eye (shapeshifter) (Vaults:5)
  46 ugly things
  3 meliai (Spider:4)
  8 merfolk sirens
  3 elephants (Lair:5)
  2 large abominations
  16 moths of wrath
  3 water nymphs
  4 ice statues
  Joseph (D:8)
  2 rust devils
  A toenail golem (D:4)
  3 black mambas
  16 vault sentinels
  A kobold blastminer (Orc:1)
  A naga mage (Vaults:2)
  8 cane toads
  6 torpor snails
  5 freezing wraiths
  2 unseen horrors (D:10)
  6 rime drakes
  2 spectral redbacks (Spider:4)
  An ice devil (Depths:3)
  A kobold demonologist (D:11)
  An orange demon (Depths:1)
  11 komodo dragons
  A tormentor (Depths:2)
  38 yaktaurs
  A bunyip simulacrum (Vaults:2)
  A golden dragon simulacrum (Vaults:2)
  A red devil (Zot:2)
  7 trolls
  A spriggan skeleton (Depths:1)
  4 tengu conjurers
  9 polar bears (Lair:5)
  A tengu simulacrum (Depths:1)
  3 hornets
  7 wind drakes
  17 merfolk
  A hornet (shapeshifter) (Elf:1)
  7 raiju
  14 tarantellas
  A spectral jumping spider (Spider:4)
  A wolf spider simulacrum (D:15)
  A spectral tarantella (Spider:4)
  A tarantella zombie (Spider:4)
  7 snapping turtles
  3 glass eyes
  13 dream sheep
  Grinder (D:4)
  2 jumping spider zombies (Spider:4)
  A raiju (shapeshifter) (Elf:1)
  12 blink frogs
  23 slime creatures
  3 wraiths
  30 yaks
  13 jumping spiders
  9 water elementals
  4 air elementals
  A centaur simulacrum (D:15)
  4 spriggans
  15 culicivoras
  6 wyverns
  An alligator snapping turtle simulacrum (Vaults:2)
  2 fire bats (Lair:3)
  A steam dragon (D:8)
  A fire bat (shapeshifter) (Depths:4)
  37 redbacks
  7 vampire mosquitoes
  Grum (D:8)
  11 basilisks
  8 wargs
  A chaos spawn (Zot:3)
  Edmund (D:5)
  3 acid dragons
  17 water moccasins
  13 hell hounds (Lair:5)
  2 hydra simulacra (Vaults:2)
  18 orc warriors
  2 glowing shapeshifter skeletons (Depths:1)
  11 black bears (Lair:5)
  3 ice beasts (D:6)
  2 laughing skulls (D:15)
  A fire dragon simulacrum (Vaults:2)
  26 ogres
  18 centaurs
  A lemure (D:4)
  24 wolves
  4 kobold brigands
  3 phantoms
  14 bullfrogs
  An earth elemental (Elf:1)
  A two-headed ogre simulacrum (D:11)
  3 gnoll sergeants
  A human simulacrum (Depths:1)
  A scorpion (D:5)
  5 wights (D:6)
  A hornet simulacrum (D:6)
  A snapping turtle simulacrum (Vaults:2)
  20 killer bees
  3 lindwurm simulacra (IceCv)
  3 howler monkeys
  5 electric eels
  A lava snake (Lair:3)
  3 komodo dragon simulacra (IceCv)
  4 jellies
  A bombardier beetle (D:4)
  5 hounds
  14 orc priests
  2 gnoll boudas
  3 sleepcaps
  11 orc wizards
  2 iguanas
  A spriggan simulacrum (D:11)
  A troll simulacrum (D:11)
  A bullfrog simulacrum (D:6)
  20 gnolls
  5 river rats (Sewer)
  6 acid dragon simulacra (IceCv)
  16 adders
  A shadow imp (D:5)
  3 white imps (D:6)
  2 ufetubi (D:6)
  9 steam dragon simulacra (IceCv)
  2 ribbon worms
  93 orcs
  3 bats (D:2)
  9 endoplasms
  3 giant cockroaches
  8 goblins
  4 hobgoblins
  41 kobolds
  3 quokkas
  10 ball pythons
  4 frilled lizards
  29 rats
  A spectral goblin (D:15)
  An aspiring flesh (Zot:3)
  4 tentacles (Shoals:3)
2023 creatures vanquished.

Vanquished Creatures (collateral kills)
  Mara (Shoals:4)
  Norris (Depths:1)
  A lich (Zot:5)
  A tentacled monstrosity (Zot:5)
  2 storm dragons (Zot:5)
  2 draconian monks (Zot:4)
  The ghost of ripuliukko the Eclecticist, an adept GrEE of Vehumet (Spider:4)
  2 vault wardens
  A draconian shifter (Zot:3)
  A draconian annihilator (Zot:5)
  A broodmother (Spider:4)
  A stone giant (Vaults:5)
  A green draconian (Zot:4)
  2 red draconians
  2 yellow draconians
  2 purple draconians
  An ettin (Vaults:5)
  A merfolk javelineer (Shoals:4)
  3 merfolk impalers
  A fire dragon (Depths:1)
  A green death (Depths:3)
  2 vault guards
  A yaktaur captain (Vaults:5)
  A jorogumo (Zot:3)
  An alligator (shapeshifter) (Vaults:5)
  2 death scarabs (Spider:4)
  2 soul eaters (Depths:3)
  A spectral emperor scorpion (Spider:4)
  A skyshark (Depths:1)
  An iron troll (Depths:1)
  A sea snake (Shoals:1)
  2 deep trolls
  A spectral wolf spider (Spider:4)
  A deep elf archer (Elf:1)
  An orb spider (Spider:2)
  A sun moth (Spider:3)
  3 harpies (Shoals:2)
  A deep elf pyromancer (Elf:1)
  2 fauns (Shoals:1)
  A salamander (Depths:2)
  A vault sentinel (Vaults:5)
  2 moths of wrath
  A merfolk siren (Shoals:2)
  5 yaktaurs
  2 spectral redbacks (Spider:4)
  3 merfolk
  A spectral tarantella (Spider:4)
  3 tarantellas
  2 tarantella zombies (Spider:4)
  A jumping spider zombie (Spider:4)
  3 culicivoras (Spider:3)
  3 jumping spiders
  An air elemental (Elf:1)
  7 redbacks (Spider:3)
  A swamp worm (shapeshifter) (Vaults:5)
91 creatures vanquished.

Vanquished Creatures (others)
  A dread lich (Zot:5)
  A draconian knight (Zot:4)
  An ettin (Vaults:4)
  A spark wasp zombie (Depths:1)
  A deep elf pyromancer (Elf:2)
  A deep elf archer (Elf:1)
  A merfolk (Shoals:2)
  2 orcs (D:9)
  8 tentacles (Shoals:3)
17 creatures vanquished.

Grand Total: 2131 creatures vanquished

Notes
Turn   | Place    | Note
-------+----------+-------------------------------------------
     0 | D:1      | Kenran the Felid Berserker began the quest for the Orb.
     0 | D:1      | Reached XP level 1. HP: 12/12 MP: 2/2
   399 | D:1      | Reached skill level 1 in Stealth
   437 | D:1      | Reached XP level 2. HP: 16/16 MP: 3/3
  1048 | D:2      | Reached XP level 3. HP: 20/20 MP: 4/4
  1118 | D:2      | Reached ** piety under Trog
  1186 | D:2      | Found a basalt altar of Yredelemnul.
  1574 | D:3      | Reached XP level 4. HP: 21/24 MP: 5/5
  1574 | D:3      | Gained a life (2 lives remaining)
  1668 | D:3      | Found a faded altar of an unknown god.
  1806 | D:3      | Found a glowing drain.
  1860 | Sewer    | Entered a sewer
  2025 | Sewer    | Reached XP level 5. HP: 28/28 MP: 6/6
  2078 | Sewer    | Reached *** piety under Trog
  2079 | Sewer    | Reached skill level 1 in Shapeshifting
  2153 | Sewer    | Reached skill level 5 in Stealth
  2153 | Sewer    | Reached skill level 5 in Unarmed Combat
  2248 | Sewer    | Gained mutation: You are covered in thick fur. (AC +2)
                  | [Felid growth]
  2248 | Sewer    | Reached XP level 6. HP: 32/32 MP: 7/7
  3130 | D:4      | Noticed Pikel
  3145 | D:4      | Killed Pikel
  3146 | D:4      | Reached XP level 7. HP: 36/36 MP: 8/8
  3283 | D:4      | Found a basalt altar of Yredelemnul.
  3283 | D:4      | Found a hazy altar of Hepliaklqana.
  3283 | D:4      | Found a burning altar of Makhleb.
  3283 | D:4      | Found a snail-covered altar of Cheibriados.
  3283 | D:4      | Found a stormy altar of Qazlal.
  3283 | D:4      | Found a shimmering blue altar of Sif Muna.
  3313 | D:4      | Reached **** piety under Trog
  3637 | D:4      | Reached XP level 8. HP: 37/40 MP: 9/9
  3641 | D:4      | Noticed Grinder
  3666 | D:4      | Killed Grinder
  3667 | D:4      | Reached skill level 5 in Dodging
  4047 | D:5      | Entered Level 5 of the Dungeon
  4101 | D:5      | Found a staircase to the Ecumenical Temple.
  4209 | D:5      | Noticed Edmund
  4216 | D:5      | Killed Edmund
  4257 | D:5      | Found a blossoming altar of Fedhas.
  4349 | D:5      | Reached skill level 6 in Dodging
  4400 | D:5      | Found Seed's Distillery.
  4404 | D:5      | Bought a potion of curing for 33 gold pieces
  4404 | D:5      | Bought a potion of might for 44 gold pieces
  4818 | D:6      | Reached XP level 9. HP: 44/44 MP: 10/10
  4824 | D:6      | Reached skill level 5 in Fighting
  4826 | D:6      | Reached skill level 10 in Unarmed Combat
  4930 | D:6      | Reached skill level 7 in Dodging
  4969 | D:6      | Found a runed translucent gate.
  4969 | D:6      | Found a runed translucent gate.
  4969 | D:6      | Found a runed translucent gate.
  5032 | D:6      | Reached skill level 1 in Evocations
  5191 | D:6      | Found a hazy altar of Hepliaklqana.
  5227 | D:6      | Found a radiant altar of Vehumet.
  5262 | D:6      | Noticed Gabide's ghost (novice DgIE)
  5764 | D:6      | Identified 2 scrolls of acquirement
  5765 | D:6      | Acquired the amulet "Fetug" {Regen+ Str+6 Dex-3}
  5767 | D:6      | Acquired a manual of Fighting
  6119 | D:7      | Identified the ring of Ehol {+Blink rC- rN+ rCorr Int+6}
  6399 | D:7      | Noticed a cyclops
  6399 | D:7      | Noticed a manticore
  6465 | D:7      | Reached XP level 10. HP: 51/51 MP: 11/11
  6771 | D:8      | Noticed Grum
  6790 | D:8      | Reached ***** piety under Trog
  6794 | D:8      | Killed Grum
  6795 | D:8      | Reached skill level 8 in Dodging
  6985 | D:7      | Reached skill level 9 in Dodging
  7173 | D:8      | You fall into a shaft and drop 1 floor!
  7189 | D:9      | Reached skill level 10 in Dodging
  7647 | D:9      | Reached skill level 11 in Dodging
  8003 | D:9      | Paralysed by a hornet for 1 turns
  8314 | D:9      | Noticed Erolcha
  8316 | D:9      | Killed Erolcha
  8317 | D:9      | Reached skill level 12 in Dodging
  8362 | D:8      | Noticed Joseph
  8399 | D:8      | Killed Joseph
  8874 | D:8      | Reached XP level 11. HP: 56/56 MP: 12/12
  9041 | D:8      | Noticed Erica
  9461 | D:10     | Entered Level 10 of the Dungeon
  9461 | D:10     | Found a shimmering altar of Xom.
  9491 | D:10     | Found a hide-covered altar of Uskayaw.
  9517 | D:10     | Found Odui's General Store.
  9525 | D:10     | Bought 2 potions of invisibility for 272 gold pieces
  9650 | D:10     | Acquired a manual of Dodging
  9741 | D:10     | Found Ipail's Weapon Emporium.
  9788 | D:10     | Noticed a death yak
  9797 | D:10     | Found Kash's Armour Emporium.
  9797 | D:10     | Found a staircase to the Orcish Mines.
  9841 | D:10     | Found Gaisaidulu's Magic Scroll Emporium.
  9956 | D:10     | Bought a scroll of identify for 28 gold pieces
  9956 | D:10     | Bought a scroll of identify for 28 gold pieces
 10041 | D:9      | Reached skill level 13 in Dodging
 10160 | D:10     | Killed a death yak
 10232 | D:10     | Reached skill level 14 in Dodging
 10310 | D:10     | Reached skill level 15 in Dodging
 10785 | D:11     | Noticed a two-headed ogre
 10817 | D:11     | Killed a two-headed ogre
 11169 | D:11     | Noticed a boulder beetle
 11173 | D:11     | Killed a boulder beetle
 11188 | D:11     | Found a frozen archway.
 11213 | IceCv    | Entered an ice cave
 11224 | IceCv    | Reached ****** piety under Trog
 12009 | IceCv    | Gained mutation: Your thick and shaggy fur keeps you warm.
                  | (AC +3, rC+) [Felid growth]
 12009 | IceCv    | Reached XP level 12. HP: 59/67 MP: 13/13
 12056 | IceCv    | Noticed a white draconian
 12434 | IceCv    | Killed a white draconian
 12435 | IceCv    | Reached skill level 10 in Stealth
 12810 | D:11     | Reached skill level 10 in Fighting
 13250 | D:8      | Killed Erica
 13251 | D:8      | Reached skill level 16 in Dodging
 13409 | D:8      | Found a staircase to the Lair.
 13440 | Lair:1   | Entered Level 1 of the Lair of Beasts
 13558 | Lair:1   | Found a runed translucent door.
 13885 | Lair:1   | Reached skill level 17 in Dodging
 13892 | Lair:1   | Identified the +6 scimitar of the Evening {spect, ^Contam
                  | rPois rF++ SInv}
 14214 | Lair:1   | Reached skill level 18 in Dodging
 14327 | Lair:1   | Noticed a catoblepas
 14334 | Lair:1   | Killed a catoblepas
 14386 | Lair:1   | Reached skill level 19 in Dodging
 14541 | Lair:1   | Noticed Kass's ghost (novice OnBr)
 14752 | D:6      | Killed Gabide's ghost
 14916 | D:7      | Reached XP level 13. HP: 54/72 MP: 14/14
 15167 | Lair:2   | Noticed Gastronok
 15305 | Lair:2   | Reached skill level 20 in Dodging
 15816 | Lair:2   | Killed Gastronok
 16012 | Lair:2   | Identified the +9 morningstar of Qazlal's Generosity {holy,
                  | rF- rC+ Will+ SInv}
 16447 | Lair:3   | Found a hole to the Spider Nest.
 16645 | Lair:3   | Found a staircase to the Shoals.
 17643 | Lair:4   | Reached skill level 15 in Unarmed Combat
 17993 | Lair:4   | Reached skill level 5 in Evocations
 18512 | Lair:5   | Entered Level 5 of the Lair of Beasts
 18553 | Lair:5   | Found a viscous altar of Jiyva.
 18554 | Lair:5   | Found a staircase to the Slime Pits.
 18645 | Lair:5   | Reached XP level 14. HP: 78/82 MP: 15/15
 18774 | Lair:5   | Noticed Qeimiotua's ghost (journeyman MiFi)
 18775 | Lair:5   | Noticed a purple very ugly thing
 18788 | Lair:5   | Found a one-way gate to the infinite horrors of the Abyss.
 18957 | Lair:5   | Found a transporter.
 18959 | Lair:5   | Found a transporter.
 19134 | Lair:5   | Reached skill level 5 in Shapeshifting
 19169 | Lair:5   | Slain by a catoblepas
 19169 | Lair:5   | Lost a life (1 life remaining)
 19439 | Lair:5   | Noticed Rupert
 19470 | Lair:5   | Killed Rupert
 21362 | D:12     | Noticed Snorg
 21371 | D:12     | Killed Snorg
 22475 | D:13     | Identified the ring "Ryusm" {rN+ Str+3 Dex+5 Slay-6}
 22870 | D:14     | Reached skill level 21 in Dodging
 23045 | D:14     | Found a gate to the Vaults.
 23229 | D:14     | Found an iron altar of Okawaru.
 23261 | D:14     | Reached XP level 15. HP: 66/86 MP: 16/16
 23261 | D:14     | Gained a life (2 lives remaining)
 23935 | Orc:1    | Entered Level 1 of the Orcish Mines
 24471 | Orc:2    | Entered Level 2 of the Orcish Mines
 24471 | Orc:2    | Found a staircase to the Elven Halls.
 25296 | Orc:2    | Reached skill level 10 in Shapeshifting
 25546 | Orc:2    | Found Reomohoy's Book Emporium.
 25546 | Orc:2    | Found Kisu's Distillery.
 25549 | Orc:2    | Found Plog's Weapon Emporium.
 25549 | Orc:2    | Found Pibaiguo's Jewellery Boutique.
 25556 | Orc:2    | Bought a potion of heal wounds for 70 gold pieces
 25556 | Orc:2    | Bought a potion of enlightenment for 70 gold pieces
 25962 | D:15     | Entered Level 15 of the Dungeon
 26330 | D:15     | Found a portal to a secret trove of treasure.
 26335 | D:15     | You paid a toll of 4 scrolls of blinking to enter a
                  | treasure trove
 26336 | Trove    | Entered a treasure trove
 26386 | Trove    | Acquired the amulet of Uhuqutam {Acrobat rC+ Dex+5}
 26668 | D:15     | Reached skill level 15 in Stealth
 26669 | D:15     | Found a staircase to the Depths.
 26781 | D:15     | Found a hazy altar of Hepliaklqana.
 26976 | D:15     | Reached XP level 16. HP: 93/93 MP: 17/17
 27174 | Spider:1 | Entered Level 1 of the Spider Nest
 27586 | Spider:1 | You fall into a shaft and drop 1 floor!
 28160 | Spider:1 | Reached XP level 17. HP: 98/98 MP: 18/18
 29726 | Spider:2 | Blown up by an orb spider
 29726 | Spider:2 | Lost a life (1 life remaining)
 29990 | Spider:3 | Reached skill level 15 in Fighting
 30680 | Spider:3 | Paralysed by a jorogumo for 2 turns
 30921 | Spider:4 | Entered Level 4 of the Spider Nest
 31805 | Spider:4 | Found a runed translucent door.
 31805 | Spider:4 | Noticed ripuliukko's ghost (adept GrEE)
 32412 | Spider:4 | Demolished by a pharaoh ant
 32412 | Spider:4 | Lost a life (0 lives remaining)
 32663 | Shoals:1 | Entered Level 1 of the Shoals
 32699 | Shoals:1 | Reached XP level 18. HP: 105/105 MP: 19/19
 32699 | Shoals:1 | Gained a life (1 life remaining)
 32989 | Shoals:1 | Reached skill level 15 in Shapeshifting
 33292 | Shoals:2 | Found Niruthoe's Armour Shoppe.
 33317 | Shoals:2 | Noticed Polyphemus
 33337 | Shoals:2 | Killed Polyphemus
 33793 | Shoals:2 | Noticed Nikola
 33805 | Shoals:2 | Identified the +3 whip "Fesapsun" {venom, Int+5 Dex+3}
 33807 | Shoals:2 | Killed Nikola
 33814 | Shoals:2 | Identified the ring "Cififuz" {rCorr Slay+3}
 34888 | Shoals:3 | Found Ahuyntis's Book Boutique.
 34998 | Shoals:3 | Found Zafru's Antique Armour Shop.
 35240 | Shoals:3 | Found Soik's Magic Scroll Boutique.
 35597 | Shoals:4 | Entered Level 4 of the Shoals
 36434 | Shoals:4 | Reached XP level 19. HP: 109/109 MP: 20/20
 36434 | Shoals:4 | Gained a life (2 lives remaining)
 36505 | Shoals:4 | Found Jimerob's Assorted Antiques.
 36843 | Shoals:4 | Found the +3 pair of mountain boots {steadfast, rC+}
 36853 | Shoals:4 | Got a barnacled rune of Zot
 36858 | Shoals:4 | Noticed Mara
 36879 | Shoals:4 | Killed Mara
 37839 | Spider:4 | Got a gossamer rune of Zot
 37951 | Spider:4 | Killed ripuliukko's ghost
 38165 | Lair:1   | Killed Kass's ghost
 38394 | D:11     | HP: 8/163 [skeletal warrior/+0 trident (24)]
 39093 | Lair:5   | Killed Qeimiotua's ghost
 39477 | Elf:1    | Entered Level 1 of the Elven Halls
 39693 | Elf:1    | Noticed Agnes
 39698 | Elf:1    | Killed Agnes
 39892 | Elf:1    | Noticed Donald
 39899 | Elf:1    | Killed Donald
 39918 | Elf:1    | Found a radiant altar of Vehumet.
 39933 | Elf:1    | Noticed Frances
 39940 | Elf:1    | Killed Frances
 40883 | Elf:2    | Found Cinenas's Antique Armour Boutique.
 40938 | Elf:2    | Found a runed translucent gate.
 40938 | Elf:2    | Found a runed translucent gate.
 40940 | Elf:2    | Found a runed translucent gate.
 41330 | Vaults:1 | Entered Level 1 of the Vaults
 42169 | Vaults:1 | Reached XP level 20. HP: 119/119 MP: 21/21
 42965 | Vaults:2 | Paralysed by an air elemental for 1 turns
 43477 | Vaults:2 | Found a staircase to the Crypt.
 43802 | Vaults:2 | Identified the serpent talisman "Dyosuq" {+Blink rC- Int+5
                  | Stlth+}
 43802 | Vaults:2 | Noticed Aizul
 43807 | Vaults:2 | Killed Aizul
 44685 | Vaults:3 | Found Botoe's Jewellery Boutique.
 44692 | Vaults:3 | Bought the amulet "Nikikoah" {rPois rN+ Regen+ Int+3} for
                  | 1034 gold pieces
 44797 | Vaults:3 | Reached skill level 22 in Dodging
 45028 | Vaults:3 | Reached XP level 21. HP: 126/126 MP: 22/22
 45804 | Vaults:4 | Reached skill level 23 in Dodging
 47119 | Depths:1 | Entered Level 1 of the Depths
 47278 | Depths:1 | Paralysed by a vampire knight for 2 turns
 47645 | Depths:1 | Found a gateway to Hell.
 47704 | Depths:1 | Found a runed translucent door.
 47932 | Depths:1 | Noticed Norris
 47948 | Depths:1 | Killed Norris
 48246 | Depths:2 | Found Ohisat's One-of-a-Kind Books.
 48285 | Depths:2 | Reached XP level 22. HP: 131/131 MP: 23/23
 48407 | Depths:2 | Found a one-way gate leading to the halls of Pandemonium.
 48779 | Depths:2 | Noticed a caustic shrike
 48787 | Depths:2 | Killed a caustic shrike
 48790 | Depths:2 | Noticed a golden dragon
 48970 | Depths:2 | Found Big Baal Hell's Store.
 48999 | Depths:2 | Bought a potion of experience for 3300 gold pieces
 48999 | Depths:2 | Reached XP level 23. HP: 137/137 MP: 24/24
 49314 | Depths:2 | Noticed a juggernaut
 49331 | Depths:2 | Killed a juggernaut
 49332 | Depths:2 | Reached skill level 24 in Dodging
 50077 | Depths:3 | Found a one-way gateway to a ziggurat.
 50129 | Depths:3 | Found a bloodstained altar of Trog.
 50244 | Depths:3 | Reached skill level 25 in Dodging
 50419 | Depths:3 | Found Xuv Serr's Tiny Tomes.
 50665 | Depths:3 | Noticed Margery
 50693 | Depths:3 | Killed Margery
 50991 | Depths:4 | Entered Level 4 of the Depths
 51163 | Depths:4 | Reached XP level 24. HP: 148/148 MP: 24/24
 51282 | Depths:4 | Found a gate to the Realm of Zot.
 52099 | Depths:4 | Reached skill level 10 in Evocations
 52615 | Vaults:5 | Entered Level 5 of the Vaults
 53149 | Vaults:5 | Found Beaqep's General Store.
 53261 | Vaults:5 | Noticed an ancient lich
 53277 | Vaults:5 | Killed an ancient lich
 53420 | Vaults:5 | Identified the +4 whip "Xuzuer" {flame, *Noise rN+ rCorr
                  | Dex+3}
 53580 | Vaults:5 | Identified the +9 trident of the Jester {heavy, rF+ Str+2
                  | Int+3}
 53707 | Vaults:5 | Reached XP level 25. HP: 94/154 MP: 24/24
 53908 | Vaults:5 | Gained mutation: You are frail. (-10% HP) [a shining eye]
 53911 | Vaults:5 | Lost mutation: You are frail. (-10% HP) [potion of
                  | mutation]
 53911 | Vaults:5 | Gained mutation: You passively map a small area around you.
                  | [potion of mutation]
 53911 | Vaults:5 | Gained mutation: You have very sharp fingernails. [potion
                  | of mutation]
 54215 | Vaults:5 | Reached skill level 26 in Dodging
 54232 | Vaults:5 | Got a silver rune of Zot
 55232 | Zot:1    | Entered Level 1 of the Realm of Zot
 55463 | Zot:1    | Noticed an orb of fire
 55463 | Zot:1    | Noticed an orb of fire
 55647 | Zot:2    | Noticed a Killer Klown
 55908 | Zot:1    | Killed a Killer Klown
 55909 | Zot:1    | Reached skill level 27 in Dodging
 56704 | Zot:3    | Noticed a Killer Klown
 56713 | Zot:3    | Killed a Killer Klown
 58209 | Zot:5    | Entered Level 5 of the Realm of Zot
 58326 | Zot:5    | Found a runed translucent gate.
 58326 | Zot:5    | Found a runed translucent gate.
 58326 | Zot:5    | Found a runed translucent gate.
 58407 | Zot:5    | Found an opulent altar of Gozag.
 58410 | Zot:5    | Noticed HourglassMan's ghost (veteran MiFi)
 58708 | Zot:5    | Reached XP level 26. HP: 161/161 MP: 4/24
 58801 | Zot:5    | Noticed a dread lich
 58803 | Zot:5    | Noticed an ancient lich
 58809 | Zot:5    | Killed a dread lich
 58819 | Zot:5    | Killed an ancient lich
 58821 | Zot:5    | Noticed an orb of fire
 58824 | Zot:5    | Noticed an orb of fire
 58825 | Zot:5    | Noticed an orb of fire
 58825 | Zot:5    | Gained mutation: You occasionally shout uncontrollably at
                  | your foes. [an orb of fire]
 58826 | Zot:5    | Gained mutation: Your body sometimes deteriorates upon
                  | taking damage. [an orb of fire]
 58837 | Zot:5    | Killed an orb of fire
 58838 | Zot:5    | Gained mutation: You have hidden genetic defects. [an orb
                  | of fire]
 58838 | Zot:5    | Noticed an orb of fire
 58839 | Zot:5    | Gained mutation: You frequently scream uncontrollably at
                  | your foes. [an orb of fire]
 58842 | Zot:5    | Killed an orb of fire
 58851 | Zot:5    | Killed an orb of fire
 58854 | Zot:5    | Noticed an orb of fire
 59064 | Zot:5    | Noticed a dread lich
 59079 | Zot:5    | Noticed an orb of fire
 59084 | Zot:5    | Gained mutation: Your health recovers twice as slowly from
                  | being drained. [an orb of fire]
 59087 | Zot:5    | Gained mutation: You do not regenerate when monsters are
                  | visible. [an orb of fire]
 59090 | Zot:5    | Killed an orb of fire
 59091 | Zot:5    | Reached skill level 15 in Evocations
 59092 | Zot:5    | Killed a dread lich
 59094 | Zot:5    | Noticed an orb of fire
 59102 | Zot:5    | Killed an orb of fire
 59142 | Zot:5    | Noticed an orb of fire
 59150 | Zot:5    | Killed an orb of fire
 59150 | Zot:5    | Noticed a dread lich
 59159 | Zot:5    | Gained mutation: You have terrible hidden genetic defects.
                  | [an orb of fire]
 59159 | Zot:5    | Gained mutation: You are clumsy. (Dex -2) [an orb of fire]
 59162 | Zot:5    | Killed an orb of fire
 59167 | Zot:5    | Killed a dread lich
 59173 | Zot:5    | Gained mutation: You sometimes lose your temper in combat.
                  | [hidden defects]
 59196 | Zot:5    | Lost mutation: You passively map a small area around you.
                  | [potion of mutation]
 59196 | Zot:5    | Lost mutation: You frequently scream uncontrollably at your
                  | foes. [potion of mutation]
 59196 | Zot:5    | Gained mutation: You are strong-willed. (Will+) [potion of
                  | mutation]
 59196 | Zot:5    | Lost mutation: Your body sometimes deteriorates upon taking
                  | damage. [potion of mutation]
 59197 | Zot:5    | Lost mutation: You are strong-willed. (Will+) [potion of
                  | mutation]
 59197 | Zot:5    | Lost mutation: You occasionally shout uncontrollably at
                  | your foes. [potion of mutation]
 59197 | Zot:5    | Gained mutation: Your spells are a little easier to cast,
                  | but a little less powerful. [potion of mutation]
 59197 | Zot:5    | Gained mutation: Your mind is acute. (Int +4, Str/Dex -1)
                  | [potion of mutation]
 59198 | Zot:5    | Lost mutation: You have terrible hidden genetic defects.
                  | [potion of mutation]
 59198 | Zot:5    | Lost mutation: Your mind is acute. (Int +4, Str/Dex -1)
                  | [potion of mutation]
 59198 | Zot:5    | Lost mutation: You do not regenerate when monsters are
                  | visible. [potion of mutation]
 59198 | Zot:5    | Lost mutation: You have very sharp fingernails. [potion of
                  | mutation]
 59198 | Zot:5    | Gained mutation: You are strong-willed. (Will+) [potion of
                  | mutation]
 59199 | Zot:5    | Lost mutation: You sometimes lose your temper in combat.
                  | [potion of mutation]
 59199 | Zot:5    | Lost mutation: You are strong-willed. (Will+) [potion of
                  | mutation]
 59199 | Zot:5    | Lost mutation: You are clumsy. (Dex -2) [potion of
                  | mutation]
 59199 | Zot:5    | Gained mutation: You are frail. (-10% HP) [potion of
                  | mutation]
 59199 | Zot:5    | Gained mutation: You passively map a small area around you.
                  | [potion of mutation]
 59199 | Zot:5    | Lost mutation: Your spells are a little easier to cast, but
                  | a little less powerful. [potion of mutation]
 59200 | Zot:5    | Lost mutation: Your health recovers twice as slowly from
                  | being drained. [potion of mutation]
 59200 | Zot:5    | Lost mutation: You have hidden genetic defects. [potion of
                  | mutation]
 59200 | Zot:5    | Gained mutation: You have a pair of small antennae on your
                  | head. [potion of mutation]
 59200 | Zot:5    | Gained mutation: You are agile. (Dex +4, Str/Int -1)
                  | [potion of mutation]
 59201 | Zot:5    | Lost mutation: You are agile. (Dex +4, Str/Int -1) [potion
                  | of mutation]
 59201 | Zot:5    | Lost mutation: You passively map a small area around you.
                  | [potion of mutation]
 59201 | Zot:5    | Lost mutation: You have a pair of small antennae on your
                  | head. [potion of mutation]
 59201 | Zot:5    | Gained mutation: Potions are less effective at restoring
                  | your health. [potion of mutation]
 59201 | Zot:5    | Gained mutation: Your system is resistant to poisons.
                  | (rPois) [potion of mutation]
 59201 | Zot:5    | Gained mutation: You are partially covered in iridescent
                  | scales. (AC +2) [potion of mutation]
 59202 | Zot:5    | Lost mutation: Your system is resistant to poisons. (rPois)
                  | [potion of mutation]
 59202 | Zot:5    | Lost mutation: Potions are less effective at restoring your
                  | health. [potion of mutation]
 59202 | Zot:5    | Lost mutation: You are partially covered in iridescent
                  | scales. (AC +2) [potion of mutation]
 59202 | Zot:5    | Gained mutation: You passively map a small area around you.
                  | [potion of mutation]
 59202 | Zot:5    | Gained mutation: You possess an exceptional clarity of
                  | mind. [potion of mutation]
 59203 | Zot:5    | Lost mutation: You passively map a small area around you.
                  | [potion of mutation]
 59203 | Zot:5    | Lost mutation: You possess an exceptional clarity of mind.
                  | [potion of mutation]
 59203 | Zot:5    | Gained mutation: Potions are less effective at restoring
                  | your health. [potion of mutation]
 59224 | Zot:5    | Identified the +3 chain mail of Pragmatism {rN++ Slay-3}
 59258 | Zot:5    | Noticed a dread lich
 59271 | Zot:5    | Killed a dread lich
 59482 | Zot:5    | Got the Orb of Zot
 59485 | Zot:5    | Gained mutation: You do not regenerate when monsters are
                  | visible. [an orb of fire]
 59494 | Zot:5    | Gained mutation: You are very frail. (-20% HP) [an orb of
                  | fire]
 59500 | Zot:5    | Killed an orb of fire
 59559 | Zot:5    | Noticed Erociaxti the pandemonium lord
 60347 | D:4      | Noticed Abbasam the pandemonium lord
 60476 | D:$      | Escaped with the Orb!

Illustrated notes

Levels and vault maps discovered:
D:1:      nagdon_arrival_double_spiral, layout_loops_ring, roderic_roman_lattice
D:2:      layout_loops_cross, basic_altar, chequers_mini_garden,
          amethyst_killhole
D:3:      layout_basic, ebering_ecumenical_altar_mist,
          mainiacjoe_sewer_entry_somewhere_in_here_2, hangedman_decor_riveting,
          kennysheep_generic_room_13
D:4:      cheibrodos_fertilizer, layout_basic, serial_bayou_pond_b,
          minmay_between, uniq_pikel, uniq_grinder
D:5:      layout_rooms, kennysheep_mini, minmay_temple_entry_fiery,
          serial_shops, shop, uniq_edmund
D:6:      layout_loops_corners, overflow_temple_1_default,
          nicolae_overflow_hidden_temple, gammafunk_ghost_icy
D:7:      layout_basic, chequers_serial_rivers_room_b, minmay_shattered_shrine
D:8:      layout_rooms, erik_lair_dragon, uniq_joseph, uniq_grum, uniq_erica
D:9:      layout_loops_ring, special_room [special_room_orc], uniq_erolcha
D:10:     argonaut_augean_stables, layout_irregular_city,
          grunt_temple_overflow_open, david_orc_5, serial_shops, shop,
          nicolae_shop_just_a_little_nook, nicolae_shop_pleasant_corner_grove,
          shop, chequers_serial_rivers_micro_a
D:11:     layout_long_grid, portal_ice_cave_entry_ice_simulacra,
          dreamdust_princess_corridor
D:12:     layout_long_grid, uniq_snorg
D:13:     layout_basic, minivault_14
D:14:     layout_long_grid, david_vaults_1, okawaru_gym_becter, nicolae_wwwww
D:15:     grunt_enter_depths_hoard, layout_rooms, enter_trove_3,
          chequers_hall_statues_wall_a, nicolae_hepliaklqana_monster_ancestors
Lair:1:   layout_hall_layers, ebering_ghost_reflecting_pool,
          minmay_stone_trees_small, grunt_forest_large_clearing_hut,
          grunt_megastairs_2
Lair:2:   layout_chaotic_city, wad_woods_06, lemuel_fruit_tree,
          infiniplex_staircase_pool_2, grunt_megastairs_5, serial_bayou_shore_a,
          uniq_gastronok
Lair:3:   layout_gridlike, elwin_shoals_entry_rocks, dummy_spider_entry,
          infiniplex_staircase_pool
Lair:4:   layout_hall_layers
Lair:5:   hangedman_lair_caniforms_friends, layout_hall_layers, slime_entry_1,
          gammafunk_ghost_abyssal_escape, uniq_rupert
Shoals:1: layout_shoals, nicolae_shoals_beach_house_on_fowls_legs
Shoals:2: layout_shoals, serial_shops, shop, uniq_ilsuiw, uniq_polyphemus,
          uniq_nikola
Shoals:3: cheibrodos_shoals_three_sisters, layout_shoals, serial_shops,
          nicolae_square_shop, shop, shop
Shoals:4: shoals_end_grunt_garden, layout_shoals, shoals_ilsuiw_alternative,
          serial_shops, shop, uniq_mara
Spider:1: layout_spider_delve
Spider:2: layout_cave_pods
Spider:3: layout_spider_delve
Spider:4: floodkiller_spider_rune_tomb, ebering_ghost_inner_flame
Orc:1:    layout_caves
Orc:2:    st_orc_ogre_mass, layout_caves
Elf:1:    layout_geoelf_grid, basic_altar, nicolae_elf_shapeshifter_party,
          uniq_agnes, uniq_donald, uniq_frances
Elf:2:    nicolae_elf_blades_splatter_lattice [grunt_blade_entry_basic],
          layout_onion_city, serial_shops, nicolae_shop_tiny_statue_garden
Vaults:1: hangedman_vaults_slice, nicolae_vaults_double_plus_2,
          ontoclasm_vaults_claustrophobia, nicolae_vaults_trapezoid_4,
          nicolae_vaults_offset_grid_hallway_4, nicolae_vaults_theta,
          ontoclasm_vaults_ring_square, serial_library_hellmonk_open_square,
          st_cells, vaults_dpeg_doors, layout_vaults_big_cross
Vaults:2: v_alt_pattern_5, nicolae_vaults_trapezoid_4,
          minmay_crypt_entry_simple_sparse, nicolae_vaults_weapon_check,
          hangedman_vaults_locks, v_rooms_5, v_misc_4, v_pattern_5, v_misc_23,
          layout_vaults_ring, serial_magic_research,
          hangedman_research_thermodynamics, hangedman_research_probablistics,
          hangedman_research_electronics, uniq_aizul
Vaults:3: vaults_room_door_ring, nicolae_vaults_storage_room_statues,
          hangedman_vaults_slice, nicolae_vaults_shelves_hall,
          nicolae_vaults_windows_and_doors_thing,
          nicolae_vaults_diagonal_hallway_7, hangedman_vaults_pinch,
          ontoclasm_vaults_ring_small, nicolae_vaults_tetromino_L_2, v_rooms_4,
          nicolae_vaults_doubleplus_tesselated, grunt_vaults_hallway_short,
          dpeg_vaults_hating_casters, nicolae_vaults_gold_heap,
          layout_vaults_maze_snakey, serial_shops, shop
Vaults:4: nicolae_vaults_three_branches, vaults_mumra_hexcomb,
          nicolae_vaults_storage_closets_3, hangedman_vaults_variations,
          hangedman_vaults_hard_town_square,
          nicolae_vaults_offset_grid_hallway_1, v_alt_pattern_3,
          vaults_room_pool, layout_vaults_chaotic_city
Vaults:5
Depths:1: layout_gridlike, hell_entry, hangedman_abyss_entry_splay,
          serial_corexii_hall, chequers_hall_statues_corner_a,
          chequers_hall_statues_y, chequers_hall_statues_corner_a,
          corexii_hall_statues_u, corexii_hall_statues_i,
          corexii_hall_statues_i, lightli_gold_pyramid, uniq_norris
Depths:2: angbandy_vault, layout_basic, serial_glass, glass_columns_c,
          glass_columns_a, glass_columns_a, glass_columns_a, glass_columns_c,
          glass_columns_b, rand_demon_pan_entry_4,
          nicolae_hell_entry_big_baal_hell, nicolae_rare_books,
          serial_bayou_crossing
Depths:3: wad_statue_garden, layout_basic, enter_ziggurat_f,
          trog_three_pillars_becter, hell_entry, rand_demon_pan_entry_3,
          abyss_entry_glasseish, st_stairs_8, grunt_ministairs_9,
          nicolae_shop_i_like_small_books_too, uniq_margery
Depths:4: evilmike_zot_entry_diamond, layout_gridlike,
          serial_sigils_hangedman_gnaw, hellmouth_1, grunt_megastairs_1
Zot:1:    layout_cellular_growth, lemuel_lake_of_fire, uniq_tiamat
Zot:2:    layout_onion_interference
Zot:3:    layout_gridlike
Zot:4:    layout_misc_corridors, drop_trap
Zot:5:    layout_gridlike, ebering_ghost_gozag, lemuel_baited_zot_trap

Skill      XL: |  1  2  3  4  5  6  7  8  9 10 11 12 13 14 15 16 17 18 19 20 21 22 23 24 25 26 |
---------------+-------------------------------------------------------------------------------+-----
Stealth        | 1 2 3 4 5 8 9 12 15 20 22 | 22.0
Unarmed Combat | 4 5 8 9 11 12 14 15 16 17 20 21 22 | 22.0
Shapeshifting  | 1 2 4 8 11 12 14 17 18 20 22 23 24 | 24.4
Dodging        | 6 7 12 15 19 20 21 22 23 25 27 | 27.0
Fighting       | 4 5 6 9 10 13 14 16 18 19 20 22 23 24 | 24.0
Evocations     | 3 4 6 10 12 19 | 19.5

Action                     |  1- 3 |  4- 6 |  7- 9 | 10-12 | 13-15 | 16-18 | 19-21 | 22-24 | 25-27 || total
---------------------------+-------+-------+-------+-------+-------+-------+-------+-------+-------++-------
  Melee: Unarmed           |    77 |   188 |   214 |   756 |  1143 |  1028 |  1238 |   878 |   683 ||  6205
         Bite              |     5 |     9 |    38 |    97 |   174 |   171 |   200 |   145 |   126 ||   965
         Punch             |     2 |     2 |    15 |    83 |   117 |   180 |   196 |   142 |   136 ||   873
         Maw               |       |       |       |       |    39 |   380 |    46 |       |       ||   465
 Invoke: Berserk           |       |     5 |     7 |    23 |    23 |    20 |     8 |     3 |     3 ||    92
         Trog's Hand       |       |     3 |     2 |     8 |     9 |    10 |    13 |    18 |    14 ||    77
         Brothers in Arms  |       |       |       |       |     1 |    12 |    11 |     7 |     8 ||    39
  Evoke: Wand              |       |       |       |       |     1 |    23 |     4 |       |     1 ||    29
         Lightning rod     |       |       |       |       |       |     1 |     2 |     4 |     1 ||     8
         Phantom mirror    |       |       |       |       |       |       |     1 |     1 |       ||     2
         Sack of spiders   |       |       |       |       |       |       |       |     1 |       ||     1
         Phial of floods   |       |       |       |       |       |       |       |       |     1 ||     1
    Use: Scroll            |     6 |     2 |     4 |     9 |    12 |     3 |     1 |     6 |    12 ||    55
         Potion            |       |       |     1 |     1 |     2 |     1 |     3 |     3 |    28 ||    39
   Stab: Sleeping          |     5 |     3 |    18 |    17 |    41 |    34 |    55 |    19 |    17 ||   209
         Distracted        |       |       |       |     2 |     4 |     9 |     6 |     4 |     2 ||    27
         Paralysed         |       |       |       |       |       |     1 |       |       |       ||     1
         Petrified         |       |       |       |       |       |     1 |       |       |       ||     1
         Confused          |       |       |       |       |       |       |       |     1 |       ||     1
 Armour: Skin              |    19 |    45 |    60 |   220 |   238 |   277 |   532 |   427 |   342 ||  2160
  Dodge: Dodged            |    55 |   139 |   151 |   699 |  1166 |  1389 |  2004 |  1774 |  1472 ||  8849
   Form: Beast             |       |     1 |       |       |     1 |       |     1 |       |       ||     3
         Flux              |       |       |       |       |     1 |       |       |       |       ||     1
         Maw               |       |       |       |       |     1 |       |       |       |       ||     1
         Statue            |       |       |       |       |       |       |     2 |       |       ||     2
